 Dungeon Crawl Stone Soup version 0.29-a0-322-g68df515428 (webtiles) character file.

Game seed: 1177220166477927585

168 Hubjo the Skirmisher (level 5, -1/63 HPs)
             Began as a Demonspawn Monk on Apr 4, 2022.
             Was a Priest of Sif Muna.
             Killed from afar by an orc wizard (11 damage)
             ... with a puff of flame
             ... on level 4 of the Dungeon on Apr 5, 2022.
             The game lasted 00:08:59 (3905 turns).

Hubjo the Skirmisher (Demonspawn Monk)              Turns: 3905, Time: 00:09:00

Health: -1/63      AC: 26    Str: 12    XL:     5   Next: 24%
Magic:  7/7        EV:  2    Int: 11    God:    Sif Muna [***...]
Gold:   120        SH:  5    Dex: 17    Spells: 5/7 levels left

rFire   . . .      SeeInvis .   n - +2 dagger (protect)
rCold   . . .      Faith    .   (no shield)
rNeg    . . .      Spirit   .   (body armour currently unavailable)
rPois   +          Reflect  +   (helmet currently unavailable)
rElec   .          Harm     .   (cloak currently unavailable)
rCorr   .          Rampage  .   (gloves currently unavailable)
Will    .....      NoTele   +   (boots currently unavailable)
Stlth   +++.......              h - amulet of reflection
HPRegen 0.20/turn               f - +4 ring of protection
MPRegen 0.10/turn               r - ring of wizardry

@: tree-form
A: stationary, stasis, torment immunity, boosted hp, (antennae 1), (yellow
scales 1), demonic magic 2
a: Renounce Religion, Channel Magic, Forget Spell


You were on level 4 of the Dungeon.
You worshipped Sif Muna.
Sif Muna was most pleased with you.
You were a tree.
You visited 1 branch of the dungeon, and saw 4 of its levels.

You collected 120 gold pieces.

Inventory:

Hand Weapons
 a - a +0 short sword
 n - a +2 dagger of protection (weapon)
Armour
 b - a +0 robe (melded)
Jewellery
 f - a +4 ring of protection (left branch)
 h - an amulet of reflection (around neck)
 r - a ring of wizardry (right branch)
Wands
 s - a wand of acid (5)
Scrolls
 d - a scroll of enchant weapon
 j - 2 scrolls of amnesia
 l - 2 scrolls of teleportation
Potions
 c - a potion of ambrosia
 g - 3 potions of brilliance
 i - 2 potions of curing {unknown}
 o - a potion of degeneration {unknown}
 q - a potion of flight {unknown}


   Skills:
 + Level 3.9 Fighting
 - Level 2.6 Short Blades
 - Level 2.6 Dodging
 * Level 3.5 Stealth
 + Level 1.6 Spellcasting
 * Level 1.8 Air Magic


You had 5 spell levels left.
You knew the following spells:

 Your Spells              Type           Power      Damage    Failure   Level
a - Static Discharge      Conj/Air       2%         N/A       13%         2

Your spell library contained the following spells:

 Spells                   Type           Power      Damage    Failure   Level
 Lightning Bolt           Conj/Air       1%         1d12      90%         5
 Maxwell's Capacitive Co  Air            2%         ∞         100%        8


Dungeon Overview and Level Annotations

Branches:
Dungeon (4/15)
 Temple: D:4-7

Altars:
Sif Muna
Lugonu

Portals:
Abyss: D:3


Innate Abilities, Weirdness & Mutations

You are a tree.
Your roots penetrate the ground, keeping you stationary.
You cannot be teleported.
You are immune to unholy pain and torment.
Your maximum health is greatly increased.
Your equipment is partially melded.
((You have a pair of small antennae on your head.))
((You are partially covered in yellow scales. (AC +2)))
Spells you cast may paralyse nearby enemies.


Message History

The magic dart hits you but does no damage.
You attack the rock wall.
The orc wizard gestures at you while chanting.
The puff of flame hits you!
* * * LOW HITPOINT WARNING * * *
You closely miss the orc wizard. Your punch misses the orc wizard.
The orc wizard is almost dead.
The orc wizard hits you but does no damage.
You nearly hit yourself!
The orc wizard hits you but does no damage.
You hit the orc wizard.
Your weapon exudes an aura of protection.
The orc wizard is almost dead.
The orc wizard hits you but does no damage.
You attack the rock wall.
The orc wizard hits you with a +0 dagger.
* * * LOW HITPOINT WARNING * * *
You attack the rock wall.
The orc wizard hits you but does no damage.
You hit the orc wizard but do no damage.
The orc wizard is almost dead.
You attack the rock wall.
The orc wizard casts a spell.
The orc wizard flickers and vanishes!
Deactivating autopickup; reactivate with Ctrl-A.
You miss something.
You hear some strange, mumbled words.
A puff of flame appears from out of thin air!
The puff of flame hits you but does no damage.
You nearly hit yourself!
You hear some strange, mumbled words.
A puff of flame appears from out of thin air!
The puff of flame hits you but does no damage.
You attack the rock wall.
Something hits you but does no damage.
You attack the rock wall.
You feel less confused.
You hear some strange, mumbled words.
A puff of flame appears from out of thin air!
The puff of flame hits you!
You die...

,,,.....#.#.####.#*,*,****,,***,,
****#...#.#.# #.#*,*,,,,,,,,,,,,
* #...#.#.# #.#*,*,,,,,*,,***,
##...#.#.####.#*,*******,,,,,,
#...........#.#*,,,,,,,,,,,**,
#....#[#.##.#.#***********,,*,
#......#.##.#)# *,,*,
#......#....#{# *,,,,
#......######♣#***********,*,,
#.#'#..######.#,,,,,,,,,,,,,,,
#.#.#..<...#..#,**********,,,>
#.#.######.#.##,* *,,*,
#.#......#,#.**,**********,,*,
#.######.#,#.**,*,,,,,,,,*,,*,
#.######.#,#.**,,,,,,,,,,*,,*,
#........#,#.****,,,,,,,,*,,*,
***##########,#.,,,,,,,,,,,,*****


There were no monsters in sight!

Vanquished Creatures
  Jessica (D:2)
  An iguana (D:4)
  An orc wizard (D:4)
  3 adders (D:2)
  5 dart slugs
  2 orcs (D:4)
  7 ball pythons
  6 endoplasms
  A giant cockroach (D:1)
  6 goblins
  4 hobgoblins
  2 jackals (D:3)
  6 kobolds
  2 bats (D:1)
  3 frilled lizards
  5 rats
  A lurking horror (D:3)
56 creatures vanquished.

Vanquished Creatures (others)
  A lurking horror (D:3)
  A plant (D:2)
2 creatures vanquished.

Grand Total: 58 creatures vanquished

Notes
Turn   | Place    | Note
-------+----------+-------------------------------------------
     0 | D:1      | Hubjo the Demonspawn Monk began the quest for the Orb.
     0 | D:1      | Reached XP level 1. HP: 18/18 MP: 1/1
   369 | D:1      | Gained mutation: You have a pair of small antennae on your
                  | head. [demonic ancestry]
   369 | D:1      | Reached XP level 2. HP: 18/24 MP: 2/2
  1349 | D:2      | Upgraded the game from 0.29-a0-321-gf1c400731a to
                  | 0.29-a0-322-g68df515428
  1366 | D:2      | Found a faded altar of an unknown god.
  1403 | D:2      | Prayed at the altar of an unknown god.
  1403 | D:2      | Became a worshipper of Sif Muna the Loreminder
  1403 | D:2      | Reached * piety under Sif Muna
  1403 | D:2      | Reached ** piety under Sif Muna
  1423 | D:2      | Gained mutation: Spells you cast may paralyse adjacent
                  | enemies. [demonic ancestry]
  1423 | D:2      | Reached XP level 3. HP: 29/29 MP: 4/4
  1426 | D:2      | Learned a level 2 spell: Static Discharge
  1597 | D:2      | Reached *** piety under Sif Muna
  1598 | D:2      | Reached skill level 1 in Spellcasting
  1713 | D:2      | Noticed Jessica
  1726 | D:2      | Killed Jessica
  1727 | D:2      | Reached skill level 1 in Air Magic
  1727 | D:2      | Gained mutation: Spells you cast may paralyse nearby
                  | enemies. [demonic ancestry]
  1727 | D:2      | Reached XP level 4. HP: 20/37 MP: 5/5
  2337 | D:3      | Found a one-way gate to the infinite horrors of the Abyss.
  2493 | D:3      | Found a corrupted altar of Lugonu.
  3067 | D:3      | Found a shimmering blue altar of Sif Muna.
  3825 | D:4      | Gained mutation: You are partially covered in yellow
                  | scales. (AC +2) [demonic ancestry]
  3825 | D:4      | Reached XP level 5. HP: 36/42 MP: 4/7
  3905 | D:4      | Killed from afar by an orc wizard

Illustrated notes

Levels and vault maps discovered:
D:1:      dpeg_arrival_arbitrary_a, layout_loops_corners, roderic_roman_lattice
D:2:      layout_rooms, chequers_ecumenical_altar_lobes, uniq_jessica
D:3:      layout_loops_corners, led_sif_book, amcnicky_altar_lugonu_corruption
D:4:      layout_basic, mainiacjoe_overflow_alcove_1

Skill      XL: |  1  2  3 |
---------------+----------+-----
Stealth        | 2 3 |  3.5
Spellcasting   | 1 |  1.6
Air Magic      | 1 |  1.8
Fighting       | |  3.9
Short Blades   | |  2.6
Dodging        | |  2.6

Action                   |  1- 3 |  4- 6 || total
-------------------------+-------+-------++-------
Melee: Short sword       |    99 |       ||    99
       Punch             |     2 |     1 ||     3
       Dagger            |       |   118 ||   118
Throw: Dart              |       |     3 ||     3
 Cast: Static Discharge  |       |     2 ||     2
  Use: Scroll            |       |     7 ||     7
       Potion            |       |     1 ||     1
 Stab: Sleeping          |     7 |     4 ||    11
       Paralysed         |       |     2 ||     2
Armor: Robe              |    10 |    44 ||    54
       Skin              |       |    15 ||    15
Dodge: Dodged            |    39 |    49 ||    88
Block: Other             |    14 |    16 ||    30

Table legend: (Time is in decaauts)
 A = Elapsed time spent in this place.
 B = Non-inter-level travel time spent in this place.
 C = Inter-level travel time spent in this place.
 D = Time resting spent in this place.
 E = Time spent auto-exploring this place.
 F = Levels seen in this place.
 G = Mean time per level.
                   A        B        C        D        E       F      G
               +--------+--------+--------+--------+--------+-----+--------+
         Total |   3880 |   3685 |    195 |      0 |   3066 |   4 |  970.0 |
       Dungeon |   3880 |   3685 |    195 |      0 |   3066 |   4 |  970.0 |
               +--------+--------+--------+--------+--------+-----+--------+

Top non-repeatable levels by time:
     D:3: 1467 daAuts
     D:1: 1340 daAuts
     D:2: 930 daAuts
     D:4: 143 daAuts
